 Dungeon Crawl Stone Soup version 0.27-a0-366-g8badd94918 (webtiles) character file.

Game seed: 12118008289566324329

7 jasper the Sneak (level 1, -2/9 HPs)
             Began as a Spriggan Enchanter on Feb 16, 2021.
             Slain by a leopard gecko (4 damage)
             ... on level 1 of the Dungeon.
             The game lasted 00:01:16 (264 turns).

jasper the Sneak (Spriggan Enchanter)                Turns: 264, Time: 00:01:17

Health: -2/9       AC:  2    Str:  4    XL:     1   Next: 83%
Magic:  4/5        EV: 17    Int: 16    God:
Gold:   10         SH:  0    Dex: 15    Spells: 4/5 levels left

rFire    . . .     SeeInvis +   a - +1 dagger
rCold    . . .     Faith    .   (shield restricted)
rNeg     . . .     Spirit   .   b - +0 robe
rPois    .         Reflect  .   (helmet restricted)
rElec    .         Harm     .   (no cloak)
rCorr    .         Rampage  .   (gloves unavailable)
Will     .....                  (boots unavailable)
Stlth    +++.......             (no amulet)
HPRegen  0.03/turn              (no ring)
MPRegen  0.09/turn              (no ring)

@: very quick
A: very small, unfitting armour, see invisible, speed 3
a: no special abilities


You were on level 1 of the Dungeon.
You visited 1 branch of the dungeon, and saw 1 of its levels.

You collected 10 gold pieces.

Inventory:

Hand Weapons
 a - a +1 dagger (weapon)
Missiles
 c - 22 stones
Armour
 b - a +0 robe (worn)
Scrolls
 d - a scroll of fog {unknown}


   Skills:
 + Level 1.3 Short Blades
 - Level 2.6 Dodging
 + Level 4.6 Stealth
 + Level 2.9 Spellcasting
 + Level 3.7 Hexes


You had 4 spell levels left.
You knew the following spells:

 Your Spells              Type           Power        Failure   Level
a - Corona                Hex            15%          4%          1

Your spell library contained the following spells:

 Spells                   Type           Power        Failure   Level
 Confusing Touch          Hex            14%          12%         3
 Tukima's Dance           Hex            14%          12%         3
 Ensorcelled Hibernation  Hex/Ice        16%          13%         2
 Dazzling Flash           Conj/Hex       16%          26%         3


Dungeon Overview and Level Annotations

Branches:
Dungeon (1/15)

Altars:


Innate Abilities, Weirdness & Mutations

You are very small and have problems with some larger weapons.
You are too small for most types of armour.
You have supernaturally acute eyesight. (SInv)
You cover ground extremely quickly.


Message History

You take 3 damage, and have 4/9 hp.
MASSIVE DAMAGE!!
Aiming: Corona (safe; 4% risk of failure)
Press: ? - help, Q - select action, (/) - cycle Shift-Dir - straight line, f/p - goblin
Aim: a goblin, wielding a +0 club (severely wounded, chance to affect: 68%)
The goblin is outlined in light.
The goblin completely misses you.
You now have 2/5 mp.
You hit the goblin.
The goblin is almost dead.
The goblin closely misses you.
You hit the goblin.
You kill the goblin!
You see here a dagger.
You see here a rat corpse.
Things that are here:
a +0 club; a goblin corpse You start resting.
Magic restored.
MP restored: 5 You start resting.
A leopard gecko is nearby!
Aiming: Corona (safe; 4% risk of failure)
Press: ? - help, Q - select action, (/) - cycle Shift-Dir - straight line, f - leopard gecko
Aim: a leopard gecko (wandering, hasn't noticed you, chance to affect: 68%)
The leopard gecko hisses angrily.
The leopard gecko is outlined in light.
You now have 4/5 mp.
The leopard gecko misses you.
You are too injured to fight recklessly!
You are too injured to fight recklessly!
You are too injured to fight recklessly!
You are too injured to fight recklessly!
You closely miss the leopard gecko. The leopard gecko bites you.
* * * LOW HITPOINT WARNING * * *
You take 3 damage, and have 2/9 hp.
MASSIVE DAMAGE!!
You hit the leopard gecko but do no damage.
The leopard gecko closely misses you.
You hit the leopard gecko but do no damage.
The leopard gecko bites you.
You die...

#....###.# ...
# #..l.+...# #
#.# # #
##....###†#
###.####.### ..
#.......#.#
............
...##+#####.#.#
#..........<
........###.#.#
............
..........).#)#
###.####.###
.........####.#
##.###
.........####@#
#...##
............l.#
#.⌠.##
.?............#
#...##
..............#
#.####.###
....#.........#
...........
....#.........#
########### ...
#........... ##
#.........###
#########.#


You could see a leopard gecko (corona).

Vanquished Creatures
  A bat (D:1)
  A goblin (D:1)
  A kobold (D:1)
  5 rats (D:1)
8 creatures vanquished.

Notes
Turn   | Place    | Note
-------+----------+-------------------------------------------
     0 | D:1      | jasper the Spriggan Enchanter began the quest for the Orb.
     0 | D:1      | Reached XP level 1. HP: 9/9 MP: 5/5
   264 | D:1      | Slain by a leopard gecko

Illustrated notes

Levels and vault maps discovered:
D:1:      dpeg_arrival_chambers_temple_mockup, layout_basic

Action                   || total
-------------------------++-------
Melee: Dagger            ||    19
 Cast: Corona            ||     6
 Stab: Sleeping          ||     3
Armor: Robe              ||     1
Dodge: Dodged            ||    14

Table legend: (Time is in decaauts)
 A = Elapsed time spent in this place.
 B = Non-inter-level travel time spent in this place.
 C = Inter-level travel time spent in this place.
 D = Time resting spent in this place.
 E = Time spent auto-exploring this place.
 F = Levels seen in this place.
 G = Mean time per level.
                   A        B        C        D        E       F      G
               +--------+--------+--------+--------+--------+-----+--------+
         Total |    195 |    195 |      0 |     51 |     64 |   1 |  195.0 |
       Dungeon |    195 |    195 |      0 |     51 |     64 |   1 |  195.0 |
               +--------+--------+--------+--------+--------+-----+--------+

Top non-repeatable levels by time:
     D:1: 195 daAuts
